 Dungeon Crawl Stone Soup version 0.30-a0-368-g86fb4627a9 (webtiles) character file.

Game seed: 1545901439568116757

118196 jfcaron the Severer (level 17, 0/152 HPs)
             Began as a Meteoran Reaver on Nov 17, 2022.
             Was a Follower of Qazlal.
             Succumbed to a swamp dragon's blast of poison
             ... on level 4 of the Swamp on Nov 20, 2022.
             The game lasted 01:15:23 (10066 turns).

jfcaron the Severer (Meteoran Reaver)              Turns: 10066, Time: 01:15:23

Health: 0/152      AC: 23    Str: 21    XL:     17   Next: 91%
Magic:  29/30      EV: 14    Int: 11    God:    Qazlal [*.....]
Gold:   1167       SH: 16    Dex: 19    Spells: 20/21 levels left

rFire   + + +      SeeInvis .    c - +8 broad axe of Ruonit {speed, Int-4 Dex+5}
rCold   + . .      Faith    .    S - +0 kite shield {rC+}
rNeg    . . .      Spirit   .    U - +0 fire dragon scales
rPois   +          Reflect  .    L - +1 helmet
rElec   +          Harm     .    l - +0 cloak {Will+}
rCorr   +          Rampage  .    O - +0 pair of gloves
Will    +++..                    F - +2 pair of boots
Stlth   ..........               J - amulet of magic regeneration
HPRegen 0.45/turn                R - ring of Hijasale {Ice Contam rElec rPois rCorr}
MPRegen 0.62/turn                Y - ring "Senirreo" {Wiz rElec rF++ Slay-3 Stlth-}

@: lethally poisoned (0 -> -1), glowing, studying Transmutations
A: sense surroundings 2, otherworldly, glowing, explore regen
a: Renounce Religion


You were on level 4 of the Swamp.
You worshipped Qazlal.
Qazlal was aware of your devotion.
You visited 4 branches of the dungeon, and saw 25 of its levels.
You also visited: Ice Cave and Volcano.

You collected 1504 gold pieces.
You spent 337 gold pieces at shops.

Inventory:

Hand Weapons
 c - the +8 broad axe of Ruonit (weapon) {speed, Int-4 Dex+5}
   (You acquired it on level 3 of the Dungeon)

   Attacks with this weapon are significantly faster.
   Int:       It affects your intelligence (-4).
   Dex:       It affects your dexterity (+5).
 r - a +0 executioner's axe of flaming
Missiles
 e - 35 poisoned darts
 x - 3 curare-tipped darts {!f}
 z - a throwing net {!f}
Armour
 l - a +0 cloak of willpower (worn)
 F - a +2 pair of boots (worn)
 L - a +1 helmet (worn)
 O - a +0 pair of gloves (worn)
 S - a +0 kite shield of cold resistance (worn)
 U - +0 fire dragon scales (worn)
Jewellery
 J - an amulet of magic regeneration (around neck)
 N - a ring of willpower
 R - the ring of Hijasale (left hand) {Ice Contam rElec rPois rCorr}
   (You found it in an ice cave)

   [ring of ice]

   It enhances your ice magic.
   rF:        It makes you vulnerable to fire.
   rC:        It protects you from cold.
   rElec:     It insulates you from electricity.
   rPois:     It protects you from poison.
   Contam:    It causes magical contamination when unequipped.
   rCorr:     It protects you from acid and corrosion.
 Y - the ring "Senirreo" (right hand) {Wiz rElec rF++ Slay-3 Stlth-}
   (You found it on level 3 of the Lair of Beasts)

   [ring of wizardry]

   It improves your spell success rate.
   Slay:      It affects your accuracy & damage with ranged weapons and melee
   (-3).
   rF:        It greatly protects you from fire.
   rElec:     It insulates you from electricity.
   Stlth:     It makes you less stealthy.
Wands
 h - a wand of polymorph (6)
 n - a wand of digging (7)
 s - a wand of roots (4)
 v - a wand of flame (5)
 y - a wand of quicksilver (27)
 M - a wand of mindburst (15)
Scrolls
 d - 4 scrolls of poison
 f - 3 scrolls of enchant weapon
 g - 2 scrolls of immolation
 i - 3 scrolls of butterflies
 q - a scroll of noise
 t - a scroll of silence
 u - a scroll of brand weapon
 w - 10 scrolls of vulnerability
 C - 4 scrolls of fear
 G - 2 scrolls of blinking
 H - 2 scrolls of amnesia {unknown}
 I - 2 scrolls of teleportation {unknown}
 K - 5 scrolls of enchant armour
 P - a scroll of summoning {unknown}
Potions
 a - a potion of might
 b - 4 potions of heal wounds
 j - 3 potions of brilliance
 k - 13 potions of curing
 m - a potion of cancellation
 o - a potion of mutation
 A - 3 potions of flight
 D - 2 potions of magic
 E - 2 potions of lignification
 Q - 3 potions of haste
 T - a potion of attraction {unknown}
 W - 2 potions of berserk rage {unknown}
 X - 2 potions of ambrosia
Miscellaneous
 V - a phial of floods


   Skills:
 + Level 14.0 Fighting
 - Level 18.0 Axes
 + Level 15.1 Armour
 + Level 9.4 Dodging
 + Level 14.3 Shields
 - Level 2.6 Spellcasting
 - Level 3.6 Conjurations
 + Level 16.0 Invocations


You had 20 spell levels left.
You knew the following spells:

 Your Spells              Type           Power      Damage    Failure   Level
a - Kiss of Death         Conj/Necr      20%        2d7       22%         1

Your spell library contained the following spells:

 Spells                   Type           Power      Damage    Failure   Level
 Magic Dart               Conj           36%        1d4       11%         1
 Shock                    Conj/Air       20%        1d4       22%         1
 Momentum Strike          Conj/Tloc      10%        3d8       32%         2
 Sandblast                Erth           2%         2d4       41%         1
 Dazzling Flash           Conj/Hex       10%        N/A       52%         3
 Hailstorm                Conj/Ice       8%         3d4       52%         3
 Stone Arrow              Conj/Erth      10%        3d7       52%         3
 Blink                    Tloc           2%         N/A       54%         2
 Call Imp                 Summ           1%         N/A       54%         2
 Passwall                 Tmut/Erth      0%         N/A       54%         2
 Mephitic Cloud           Conj/Pois/Air  4%         N/A       61%         3
 Frozen Ramparts          Ice            4%         1d1       77%         3
 Gell's Gravitas          Tloc           1%         N/A       77%         3
 Swiftness                Air            1%         N/A       77%         3
 Teleport Other           Tloc           1%         N/A       77%         3
 Iskenderun's Mystic Bla  Conj/Tloc      5%         2d3       89%         4
 Airstrike                Air            0%         2d(1-17)  98%         4
 Animate Armour           Summ/Erth      2%         N/A       98%         4
 Cause Fear               Hex            0%         N/A       98%         4
 Ice Form                 Ice/Tmut       2%         N/A       98%         4
 Leda's Liquefaction      Hex/Erth       0%         N/A       98%         4
 Manifold Assault         Tloc           1%         N/A       98%         4
 Summon Ice Beast         Ice/Summ       2%         N/A       98%         4
 Blade Hands              Tmut           0%         N/A       100%        5
 Lee's Rapid Deconstruct  Erth           0%         3d4*      100%        5
 Dispersal                Tloc           0%         N/A       100%        6
 Iron Shot                Conj/Erth      2%         9d2       100%        6
 Simulacrum               Ice/Necr       1%         N/A       100%        6
 Starburst                Conj/Fire      2%         6d3       100%        6
 Dragon Form              Tmut           0%         N/A       100%        7
 Storm Form               Tmut/Air       0%         N/A       100%        7
 Dragon's Call            Summ           0%         N/A       100%        9


Dungeon Overview and Level Annotations

Branches:
Dungeon (15/15) Zot: 2597  Temple (1/1) D:4 Zot: 476    Lair (5/5) D:11 Zot: 1175
  Swamp (4/4) Lair:2 Zot: 1681  Spider (0/4) Lair:2        Slime (0/5) Lair:4
    Orc (0/2) D:10         Vaults (0/5) D:14         Depths (0/4) D:15
  IceCv (visited)         Volcano (visited)

Altars:
Ashenzari
Cheibriados
Elyvilon
Fedhas
Hepliaklqana
Kikubaaqudgha
Makhleb
Okawaru
Qazlal
Sif Muna
Trog
Uskayaw
Vehumet
Wu Jian
Yredelemnul
The Shining One

Shops:
D:2 :   D:3 ?!   D:8 [   D:13 (

Portals:
Trove: D:13 (give 6 potions of haste)

Annotations:
D:3 2 transporters, MAFIAMEASN's ghost, amateur DEFE
D:15 2 transporters ! Do ghost vault on the way to Depths here., Jais Joink's ghost, adept FoFi


Innate Abilities, Weirdness & Mutations

You passively map the area around you.
You are easily found by Zot.
You glow in the dark.
You regain HP and MP as you explore.


Message History

You enter the shallow water.
Moving in this stuff is going to be slow.
The swamp dragon breathes poison at you.
The blast of poison engulfs you.
You are poisoned.
You resist.
You enter the shallow water.
Moving in this stuff is going to be slow.
You feel sick.
You slice the swamp dragon!!
The swamp dragon is severely wounded.
You feel sick.
You barely miss the swamp dragon.
The swamp dragon is severely wounded.
The swamp dragon bites you. You block the swamp dragon's attack.
The swamp dragon closely misses you.
Your unstable footing causes you to fumble your attack.
You feel sick. You block the swamp dragon's attack.
The swamp dragon closely misses you. You block the swamp dragon's attack.
You slice the swamp dragon!!
You kill the swamp dragon!
Qazlal accepts your kill.
You can now call upon nature to destroy your foes.
You feel sick.
Aiming: Upheaval
Press: ? - help, Dir - move target, f - shambling mangrove
Aim: a shambling mangrove A storm cloud blasts the area with cutting wind!
The cutting wind hits the shambling mangrove!!!
The shambling mangrove is heavily damaged.
You can no longer call upon nature to destroy your foes.
You feel sick.
A ghoul comes into view.
You feel sick. The shambling mangrove hits you!!
* * * LOW HITPOINT WARNING * * *
The shambling mangrove hits you!!
* * * LOW HITPOINT WARNING * * *
You slash the shambling mangrove!
The shambling mangrove is heavily damaged.
You die...

♣♣♣♣♣♣♣♣♣♣♣♣♣♣♣~..♣♣
♣~♣.~♣~♣♣...°.~.~~~♣
*♣.....~♣.~°...~§~~♣ ♣♣♣
♣.~~~.♣♣~~~~..~~~♣♣*
♣♣~~♣♣~~°~~♣♣♣.~♣~.°☼..P♣
♣.~~§...○~~..§~♣~.D..~PP♣
♣~~~~~♣♣°.~~~.♣~.~~.~~~..
♣~~~~..♣♣.~~~n~..~....♣~.
♣.~§°~~§@f~§~~§~.~~~.♣♣.†
♣.~~~~~~~~.§~~~~~~~§~..~~
♣♣...~~~~..)~.~~~~~~..~~~
♣♣♣.~~~~<~~~~.~♣♣♣♣♣....
♣...~~~~.†.~.♣♣♣ ♣..~.♣f
.~~.~~..†<.♣♣♣ ♣~~~.~~
♣.....~..~~♣♣~♣♣ ♣~~~.~~
♣♣♣♣♣...~~~♣.~.♣♣♣♣♣..~†.
♣♣♣♣..♣†~~.☼○♣♣~.....


You could see a ghoul and a shambling mangrove.

Vanquished Creatures
  2 thorn hunters (Swamp:4)
  An azure jelly (IceCv)
  3 quicksilver oozes (IceCv)
  2 eleionomae
  3 bunyips
  3 fire dragons (D:15)
  A vault guard (D:14)
  18 hydras
  4 centaur warriors
  A catoblepas (Lair:5)
  3 boulder beetles
  2 two-headed ogres
  7 death yaks
  6 alligators
  A tengu warrior (D:15)
  A deep troll shaman (Lair:5)
  Amaemon (Lair:3)
  A fire crab (Volcano)
  4 goliath frogs
  7 swamp dragons
  10 bog bodies
  2 lindwurms
  An orc knight (D:15)
  2 wizards (D:14)
  2 oklob plants (D:11)
  2 deep elf pyromancers (D:12)
  A manticore (D:14)
  4 cyclopes
  3 will-o-the-wisps
  Joseph (D:8)
  3 black mambas
  29 elephants
  10 cane toads
  3 ice statues (IceCv)
  An orange demon (Lair:3)
  3 unseen horrors
  Psyche (D:12)
  5 rime drakes
  6 komodo dragons
  A yaktaur (D:14)
  A tengu conjurer (D:15)
  5 tyrant leeches
  6 polar bears
  2 trolls
  A freezing wraith (D:15)
  A queen bee (Lair:2)
  2 bloated husks
  5 hornets
  A polar bear (shapeshifter) (D:12)
  17 slime creatures
  14 blink frogs
  11 dream sheep
  2 water elementals (D:15)
  A shadow (D:13)
  8 wyverns
  A wraith (D:13)
  6 spriggans
  20 humans (D:14)
  62 yaks
  12 fire bats (Volcano)
  3 steam dragons (Volcano)
  4 vampire mosquitoes (D:14)
  3 basilisks
  3 redbacks (Lair:2)
  16 swamp worms
  10 water moccasins
  A swamp drake (Swamp:4)
  An ice beast (D:7)
  10 black bears
  10 orc warriors
  An ogre (D:7)
  A sky beast (D:8)
  3 great orb of eyes simulacra (IceCv)
  13 centaurs
  26 wolves
  3 kobold brigands
  A slime creature simulacrum (IceCv)
  3 necrophages
  11 bullfrogs
  A gnoll sergeant (D:5)
  6 scorpions
  3 glowing shapeshifter simulacra (IceCv)
  34 killer bees
  2 electric eels
  7 howler monkeys
  7 lava snakes (Volcano)
  3 hounds
  5 jellies
  3 orc priests (D:8)
  3 gnoll boudas
  2 iguanas
  8 orc wizards
  7 hell rats (Lair:3)
  6 shapeshifter simulacra (IceCv)
  19 gnolls
  6 adders
  5 white imps
  2 ufetubi
  A worm (D:4)
  A dart slug (D:5)
  34 orcs
  4 endoplasms
  3 hobgoblins
  12 kobolds
  2 quokkas
  3 ball pythons
  4 bats
  2 frilled lizards (D:3)
  5 goblins
  4 rats
  2 briar patches (Swamp:4)
  18 foxfires
  16 fungi
  41 plants
743 creatures vanquished.

Notes
Turn   | Place    | Note
-------+----------+-------------------------------------------
     0 | D:1      | jfcaron the Meteoran Reaver began the quest for the Orb.
     0 | D:1      | Reached XP level 1. HP: 17/17 MP: 5/5
   173 | D:1      | Got the Omnibus of the Boulder
   186 | D:2      | Reached XP level 2. HP: 24/24 MP: 6/6
   301 | D:2      | Found Pokeum's Book Emporium.
   428 | D:3      | Reached skill level 1 in Armour
   446 | D:3      | Identified a scroll of acquirement
   448 | D:3      | Acquired the +8 broad axe of Ruonit {speed, Int-4 Dex+5}
   510 | D:3      | Found Nemob's Magic Scroll Shop.
   517 | D:3      | Reached skill level 4 in Axes
   517 | D:3      | Reached XP level 3. HP: 30/30 MP: 8/8
   535 | D:3      | Bought a scroll of magic mapping for 90 gold pieces
   556 | D:3      | Found a transporter.
   557 | D:3      | Noticed MAFIAMEASN's ghost (amateur DEFE)
   559 | D:3      | Found a transporter.
   685 | D:3      | Found Utzoqem's Distillery.
   752 | D:4      | Reached XP level 4. HP: 37/37 MP: 9/9
   761 | D:4      | Found a staircase to the Ecumenical Temple.
   770 | Temple   | Entered the Ecumenical Temple
   818 | Temple   | Became a worshipper of Qazlal Stormbringer
   913 | D:4      | Noticed a black bear
   917 | D:4      | Killed a black bear
   918 | D:4      | Reached skill level 5 in Axes
   918 | D:4      | Reached skill level 1 in Invocations
   918 | D:4      | Reached XP level 5. HP: 36/45 MP: 10/10
   988 | D:4      | Reached XP level 6. HP: 41/51 MP: 11/11
  1137 | D:4      | Noticed a black bear
  1147 | D:4      | Killed a black bear
  1156 | D:4      | Reached skill level 6 in Axes
  1156 | D:4      | Reached XP level 7. HP: 47/58 MP: 12/12
  1322 | D:5      | Entered Level 5 of the Dungeon
  1326 | D:5      | Reached * piety under Qazlal
  1454 | D:5      | Reached XP level 8. HP: 66/67 MP: 13/13
  1458 | D:5      | Reached skill level 7 in Axes
  1463 | D:5      | Identified the +0 pair of gloves of the Dropbear {rF-
                  | Int+3}
  1588 | D:5      | Reached skill level 5 in Fighting
  1588 | D:5      | Reached skill level 1 in Shields
  1604 | D:6      | Reached skill level 8 in Axes
  1608 | D:6      | Upgraded the game from 0.30-a0-365-ge7f957f1db to
                  | 0.30-a0-368-g86fb4627a9
  1645 | D:6      | Found a hide-covered altar of Uskayaw.
  1698 | D:6      | Found a radiant altar of Vehumet.
  1713 | D:6      | Reached ** piety under Qazlal
  1715 | D:6      | Gained mutation: You passively map the area around you.
                  | [Meteoran growth]
  1715 | D:6      | Reached XP level 9. HP: 58/74 MP: 14/14
  1716 | D:6      | Reached skill level 5 in Invocations
  1721 | D:6      | Reached skill level 5 in Armour
  1727 | D:6      | Identified the +3 rapier "Dragon's Tongue" {vorpal, Str+3}
  2001 | D:7      | Reached skill level 9 in Axes
  2198 | D:8      | Reached XP level 10. HP: 83/83 MP: 15/15
  2225 | D:8      | Noticed a centaur warrior
  2234 | D:8      | Killed a centaur warrior
  2235 | D:8      | Reached skill level 10 in Axes
  2242 | D:8      | Noticed a boulder beetle
  2255 | D:8      | HP: 14/84 [boulder beetle (6)]
  2259 | D:8      | Killed a boulder beetle
  2260 | D:8      | Reached skill level 5 in Shields
  2292 | D:8      | Reached skill level 11 in Axes
  2330 | D:8      | Noticed Joseph
  2339 | D:8      | Killed Joseph
  2433 | D:8      | Reached XP level 11. HP: 92/92 MP: 17/17
  2462 | D:8      | Noticed a two-headed ogre
  2473 | D:8      | Killed a two-headed ogre
  2497 | D:8      | Found Soas's Antique Armour Emporium.
  2511 | D:8      | Bought a pair of glowing boots for 247 gold pieces
  2637 | D:8      | Reached skill level 12 in Axes
  2646 | D:8      | Reached *** piety under Qazlal
  2700 | D:9      | Noticed a two-headed ogre
  2707 | D:9      | Killed a two-headed ogre
  3279 | D:10     | Entered Level 10 of the Dungeon
  3403 | D:10     | Found a staircase to the Orcish Mines.
  3481 | D:10     | Reached XP level 12. HP: 93/103 MP: 19/19
  3483 | D:10     | Reached skill level 13 in Axes
  3695 | D:10     | Found a glowing golden altar of the Shining One.
  3695 | D:10     | Found an ancient bone altar of Kikubaaqudgha.
  3924 | D:11     | Reached **** piety under Qazlal
  4140 | D:11     | Found a staircase to the Lair.
  4540 | D:12     | Reached skill level 10 in Invocations
  4624 | D:12     | Noticed a deep elf pyromancer
  4630 | D:12     | Killed a deep elf pyromancer
  4697 | D:12     | Noticed a deep elf pyromancer
  4707 | D:12     | Killed a deep elf pyromancer
  4829 | D:12     | Noticed Psyche
  4834 | D:12     | Killed Psyche
  4835 | D:12     | Reached skill level 14 in Axes
  5093 | D:13     | Noticed a centaur warrior
  5103 | D:13     | Killed a centaur warrior
  5110 | D:13     | Found Ophaiper's Antique Weapon Emporium.
  5197 | D:13     | Found a huge runed translucent gate.
  5197 | D:13     | Found a huge runed translucent gate.
  5197 | D:13     | Found a huge runed translucent gate.
  5197 | D:13     | Found a huge runed translucent gate.
  5197 | D:13     | Noticed a death yak
  5240 | D:13     | Reached XP level 13. HP: 73/111 MP: 21/21
  5255 | D:13     | Killed a death yak
  5256 | D:13     | Reached skill level 10 in Armour
  5381 | D:13     | Found a portal to a secret trove of treasure.
  5457 | D:14     | Noticed a centaur warrior
  5462 | D:14     | Killed a centaur warrior
  5529 | D:14     | Reached skill level 15 in Axes
  5617 | D:14     | Reached skill level 10 in Fighting
  5703 | D:14     | Found a gate to the Vaults.
  5703 | D:14     | Noticed a vault guard
  5707 | D:14     | Killed a vault guard
  5862 | D:15     | Entered Level 15 of the Dungeon
  5935 | D:15     | Noticed a boulder beetle
  5962 | D:15     | Killed a boulder beetle
  5963 | D:15     | Noticed a centaur warrior
  5971 | D:15     | Killed a centaur warrior
  5972 | D:15     | Reached skill level 10 in Shields
  5972 | D:15     | Reached XP level 14. HP: 99/122 MP: 23/23
  5995 | D:15     | Noticed a fire dragon
  6009 | D:15     | Killed a fire dragon
  6013 | D:15     | Reached skill level 16 in Axes
  6022 | D:15     | Noticed a fire dragon
  6023 | D:15     | Noticed a fire dragon
  6029 | D:15     | Killed a fire dragon
  6032 | D:15     | HP: 21/122 [fire dragon (10)]
  6035 | D:15     | Killed a fire dragon
  6076 | D:15     | Noticed Jais Joink's ghost (adept FoFi)
  6077 | D:15     | Found a transporter.
  6082 | D:15     | Found a transporter.
  6582 | D:15     | Found a staircase to the Depths.
  6682 | Lair:1   | Entered Level 1 of the Lair of Beasts
  7021 | Lair:2   | Reached skill level 17 in Axes
  7029 | Lair:2   | Found a hole to the Spider Nest.
  7069 | Lair:2   | Found a frozen archway.
  7090 | IceCv    | Entered an ice cave
  7103 | IceCv    | Noticed a quicksilver ooze
  7110 | IceCv    | Killed a quicksilver ooze
  7154 | IceCv    | Noticed a quicksilver ooze
  7161 | IceCv    | Killed a quicksilver ooze
  7184 | IceCv    | Reached XP level 15. HP: 114/130 MP: 25/25
  7211 | IceCv    | Reached ***** piety under Qazlal
  7254 | IceCv    | Noticed an azure jelly
  7258 | IceCv    | Noticed a quicksilver ooze
  7261 | IceCv    | Killed an azure jelly
  7267 | IceCv    | Killed a quicksilver ooze
  7268 | IceCv    | Found a viscous altar of Jiyva.
  7286 | IceCv    | Identified the ring "Itupt" {rC+ rCorr Int-5 Slay+3}
  7293 | IceCv    | Got the ring of Hijasale {Ice Contam rElec rPois rCorr}
  7591 | Lair:3   | Noticed Amaemon
  7599 | Lair:3   | Killed Amaemon
  8027 | Lair:3   | Identified the ring "Senirreo" {Wiz rElec rF++ Slay-3
                  | Stlth-}
  8074 | Lair:3   | You fall into a shaft and drop 2 floors!
  8074 | Lair:5   | Entered Level 5 of the Lair of Beasts
  8096 | Lair:5   | Reached skill level 18 in Axes
  8202 | Lair:5   | Reached skill level 5 in Dodging
  8226 | Lair:5   | Found a dark tunnel.
  8242 | Lair:5   | Reached XP level 16. HP: 139/139 MP: 27/27
  8244 | Volcano  | Entered a volcano
  8383 | Volcano  | Found a burning altar of Makhleb.
  8432 | Volcano  | Found a radiant altar of Vehumet.
  8906 | Lair:4   | Found a stormy altar of Qazlal.
  9049 | Lair:4   | Found a staircase to the Slime Pits.
  9288 | Lair:2   | Found a staircase to the Swamp.
  9297 | Swamp:1  | Entered Level 1 of the Swamp
  9352 | Swamp:1  | Reached skill level 15 in Invocations
  9512 | Swamp:1  | Reached XP level 17. HP: 150/150 MP: 29/29
  9896 | Swamp:4  | Entered Level 4 of the Swamp
  9898 | Swamp:4  | Noticed a thorn hunter
  9909 | Swamp:4  | Killed a thorn hunter
  9993 | Swamp:4  | HP: 20/151 [bog body/bolt of cold (13)]
  9997 | Swamp:4  | Reached skill level 15 in Armour
 10014 | Swamp:4  | HP: 29/151 [spore (6)]
 10016 | Swamp:4  | Noticed a thorn hunter
 10037 | Swamp:4  | HP: 23/152 [constriction (12)]
 10037 | Swamp:4  | HP: 6/152 [goliath frog (17)]
 10037 | Swamp:4  | HP: 2/152 [acid (4)]
 10044 | Swamp:4  | Killed a thorn hunter
 10065 | Swamp:4  | HP: 24/152 [shambling mangrove (26)]
 10065 | Swamp:4  | HP: 1/152 [shambling mangrove (23)]
 10066 | Swamp:4  | Succumbed to a swamp dragon's blast of poison

Illustrated notes

Levels and vault maps discovered:
D:1:      shiori_arrival_oz, layout_rooms, minmay_misc_feat_x,
          reono_crystal_passage, minmay_misc_feat_plants, minivault_23,
          chequers_serial_rivers_large_b, minmay_misc_feat_tower
D:2:      layout_rooms, serial_shops, shop_statue, minmay_stone_trees_small
D:3:      layout_loops_ring, serial_shops, shop, shop, gammafunk_ghost_arena,
          mrwooster_statue_mirror
D:4:      layout_gridville, minmay_temple_entry_mist, minmay_close_crescents
D:5:      layout_cave_pools, grunt_ministairs_2, dreamdust_wishing_well,
          minmay_quadrilaterals, uniq_crazy_yiuf_cottage
D:6:      layout_rooms, nicolae_vehumet_altar_sigil,
          nicolae_ru_sacrificial_ziggurat, mainiacjoe_overflow_catwalk
D:7:      layout_basic, minmay_manual_mares
D:8:      kennysheep_blocky_room, layout_basic, serial_shops,
          nicolae_shop_waterfront, uniq_joseph
D:9:      kennysheep_kobold_camp, layout_loops_corners, nicolae_water_bricks
D:10:     layout_basic, chequers_temple_overflow_statue_of_worship, david_orc_4,
          solitary_fountain
D:11:     layout_basic, dpeg_oklobed_lair
D:12:     layout_grid_maze, minmay_statues_item, uniq_psyche
D:13:     lemuel_bear_cage, layout_rooms, serial_shops,
          nicolae_shop_overgrown_old_shop, enter_trove_3
D:14:     layout_basic, grunt_vaults_entry_tiered,
          minmay_staircase_windowed_small, roderic_serpentine_path
D:15:     grunt_enter_depths_hoard, layout_long_grid, serial_park_fountain,
          gammafunk_ghost_hive
Temple:   minmay_crystal_spiral_temple
Lair:1:   layout_hall_layers, grunt_megastairs_5
Lair:2:   layout_gridlike, skrybe_swamp_entry_bodies, spider_nest_entry_webs,
          portal_ice_cave_entry_pillars_1, special_room [special_room_bee],
          grunt_forest_stairs_clearing
Lair:3:   layout_long_grid, lemuel_fruit_fields, infiniplex_staircase_pool,
          uniq_amaemon
Lair:4:   layout_loops_ring, slime_entry_1, basic_altar, serial_rivers,
          chequers_serial_rivers_large_a, chequers_serial_rivers_room_b,
          chequers_serial_rivers_small_b, chequers_serial_rivers_micro_a,
          chequers_serial_rivers_micro_b
Lair:5:   grunt_lair_end_beastmaster, layout_small_grid,
          nicolae_volcano_entry_hallway, grunt_megastairs_1
Swamp:1:  layout_basic_swamp, hangedman_swamp_lotus
Swamp:2:  nicolae_swamp_standing_stones, layout_falls_marsh,
          evilmike_swamp_ruin_rubble_1
Swamp:3:  layout_basic_swamp, infiniplex_staircase_pool_2, swamp_pool1
Swamp:4:  swamp_alternative, layout_basic_swamp, swamp_pool3, uniq_nikola

Skill      XL: |  1  2  3  4  5  6  7  8  9 10 11 12 13 14 15 16 17 |
---------------+----------------------------------------------------+-----
Armour         | 1 2 3 4 6 7 8 9 11 12 13 14 15 | 15.1
Axes           | 4 5 6 8 9 11 12 14 15 17 18 | 18.0
Dodging        | 3 5 7 9 |  9.4
Fighting       | 3 4 5 6 7 8 9 10 11 12 13 14 | 14.0
Invocations    | 1 2 3 4 6 7 9 10 11 12 13 15 16 | 16.0
Shields        | 1 3 5 7 8 10 11 12 13 14 | 14.3
Spellcasting   | |  2.6
Conjurations   | |  3.6

Action                   |  1- 3 |  4- 6 |  7- 9 | 10-12 | 13-15 | 16-18 || total
-------------------------+-------+-------+-------+-------+-------+-------++-------
Melee: Hand axe          |    46 |       |       |       |       |       ||    46
       Broad axe         |    22 |    30 |   159 |   315 |   605 |   514 ||  1645
       Punch             |       |       |     2 |       |       |       ||     2
Throw: Dart              |     6 |     4 |     2 |     6 |       |       ||    18
       Javelin           |       |       |     1 |       |       |     1 ||     2
Invok: Upheaval          |       |       |       |    10 |    23 |    48 ||    81
Evoke: Wand              |       |       |     1 |     9 |     3 |    14 ||    27
  Use: Scroll            |     5 |     4 |     3 |    11 |     6 |     6 ||    35
       Potion            |       |       |       |     1 |     2 |     5 ||     8
 Stab: Paralysed         |       |       |     1 |     7 |       |       ||     8
Armor: Leather armour    |    13 |       |       |       |       |       ||    13
       Ring mail         |    13 |       |       |       |       |       ||    13
       Scale mail        |     2 |     6 |       |       |       |       ||     8
       Plate armour      |       |    13 |    93 |   114 |   136 |       ||   356
       Fire dragon scale |       |       |       |       |    69 |   169 ||   238
Dodge: Dodged            |    32 |     4 |    41 |    42 |   100 |   119 ||   338
       Repelled          |       |       |       |       |     2 |    10 ||    12
Block: Kite shield       |       |       |    36 |   182 |   438 |   377 ||  1033
       Other             |       |       |     2 |       |       |       ||     2

Table legend: (Time is in decaauts)
 A = Elapsed time spent in this place.
 B = Non-inter-level travel time spent in this place.
 C = Inter-level travel time spent in this place.
 D = Time resting spent in this place.
 E = Time spent auto-exploring this place.
 F = Levels seen in this place.
 G = Mean time per level.
                   A        B        C        D        E       F      G
               +--------+--------+--------+--------+--------+-----+--------+
         Total |   9586 |   8566 |   1020 |      0 |   4049 |  27 |  355.0 |
       Dungeon |   6402 |   5815 |    587 |      0 |   3246 |  15 |  426.8 |
        Temple |    123 |     63 |     60 |      0 |      0 |   1 |  123.0 |
          Lair |   1824 |   1487 |    337 |      0 |    540 |   5 |  364.8 |
         Swamp |    718 |    682 |     36 |      0 |    213 |   4 |  179.5 |
      Ice Cave |    336 |    336 |      0 |      0 |     10 |   1 |  336.0 |
       Volcano |    180 |    180 |      0 |      0 |     39 |   1 |  180.0 |
               +--------+--------+--------+--------+--------+-----+--------+

Top non-repeatable levels by time:
    D:12: 765 daAuts
    D:15: 729 daAuts
    D:10: 613 daAuts
     D:9: 585 daAuts
     D:8: 500 daAuts
  Lair:5: 470 daAuts
  Lair:3: 456 daAuts
     D:4: 445 daAuts
    D:11: 411 daAuts
    D:14: 405 daAuts
  Lair:2: 380 daAuts
    D:13: 347 daAuts
   IceCv: 336 daAuts
     D:3: 322 daAuts
     D:7: 321 daAuts
